AoeStats
← colm.doyle

Black Forest

505957800Analyzed
1v1 RM · 22d ago on Sep 11, 2026· 49m 14s· 2 players
Game mode
Random Map
Map size
Tiny (2 player)
Population
200
Speed
Normal
Resources
Standard
Victory
Conquest
Starting age
Dark Age
Ending age
Imperial Age
RankedLock teamsTeams togetherTeam positionsShared explorationLock speedFull tech treeHidden civsTurbo modeCheats
Victory
Defeat
🇺🇸 Britons · United States
604
+12
🇬🇧 Portuguese · United Kingdom
525
-12
KingJerold22
13:31 Feudal Age
14:00 Double-Bit Axe
14:18 Horse Collar
14:32 Gold Mining
15:30 Stone Mining
21:59 Castle Age
22:40 Heavy Plow
23:01 Bow Saw
25:52 Wheelbarrow
26:27 Gold Shaft Mining
28:42 Fortified Wall
29:52 Hand Cart
29:42 Man-at-Arms
29:42 Pikeman
30:08 Gambesons
30:09 Arson
31:06 Husbandry
30:30 Elite Skirmisher
31:50 Long Swordsman
31:50 Pikeman
32:32 Squires
35:48 Imperial Age
33:36 Pikeman
34:02 Arson
33:41 Crossbowman
36:58 Conscription
36:56 Warwolf
38:09 Two-Man Saw
37:53 Ballistics
37:40 Siege Engineers
38:36 Chemistry
38:26 Yeomen
39:33 Murder Holes
39:25 Arrowslits
39:10 Elite Longbowman
39:55 Two-Handed Swordsman
41:31 Masonry
40:51 Champion
42:50 Halberdier
43:39 Fletching
43:49 Padded Archer Armor
44:46 Bodkin Arrow
45:25 Architecture
46:15 Bracer
46:30 Leather Archer Armor
46:44 Leather Archer Armor
46:41 Forging
46:31 Scale Mail Armor
46:36 Scale Barding Armor
47:22 Arbalester
47:23 Heavy Cavalry Archer
47:46 Cavalier
colm.doyle
12:36 Feudal Age
21:48 Castle Age
23:08 Double-Bit Axe
24:26 Wheelbarrow
26:33 Gold Mining
32:23 Imperial Age
30:34 Bow Saw
34:06 Chemistry
Connection lost

Rejoining the realm…

Still unreachable

The connection could not be restored.

Session expired

The server has moved on; the page needs a fresh start.